 Dungeon Crawl Stone Soup version 0.18.0-2-g198d6d4 (webtiles) character file.

176 nikopol the Chopper (level 5, -2/46 HPs)
             Began as a Hill Orc Berserker on May 5, 2016.
             Was a Believer of Trog.
             Slain by an orc wizard
             ... wielding a +2 dagger of venom
              (6 damage)
             ... on level 3 of the Dungeon.
             The game lasted 00:07:19 (2844 turns).

nikopol the Chopper (Hill Orc Berserker)            Turns: 2844, Time: 00:07:20

Health: -2/46      AC:  5    Str: 20    XL:     5   Next: 56%
Magic:  5/5        EV: 11    Int:  7    God:    Trog [**....]
Gold:   66         SH:  4    Dex: 11    Spells: 0 memorised, 4 levels left

rFire  . . .     SeeInvis .     a - +0 hand axe
rCold  . . .     Gourm    .     k - +0 leather armour
rNeg   . . .     Faith    .     f - +0 buckler
rPois  .         Spirit   .     r - +0 helmet
rElec  .         Dismiss  .     A - +0 cloak
rCorr  .         Reflect  .     (no gloves)
SustAt .         Harm     .     (no boots)
MR     .....                    (no amulet)
Stlth  +.........               (no ring)
                                (no ring)

@: lethally poisoned (-2 -> -5), not resistant to hostile enchantments, very
unstealthy
A: no striking features
a: Berserk, Trog's Hand, Burn Spellbooks, Renounce Religion


You were on level 3 of the Dungeon.
You worshipped Trog.
Trog was pleased with you.
You were very hungry.

You visited 1 branch of the dungeon, and saw 3 of its levels.

You collected 66 gold pieces.

Inventory:

Hand Weapons
 a - a +0 hand axe (weapon)
Missiles
 u - 5 poisoned tomahawks (quivered)
Armour
 b - a +0 animal skin
 f - a +0 buckler (worn)
 j - a +0 cloak
 k - a +0 leather armour (worn)
 r - a +0 helmet (worn)
 A - a +0 cloak (worn)
Jewellery
 d - an uncursed ring of wizardry {unknown}
 p - an uncursed amulet of dismissal {unknown}
 w - an uncursed ring of sustain attributes {unknown}
Scrolls
 e - 2 scrolls of remove curse {unknown}
 g - a scroll of random uselessness {unknown}
 l - 2 scrolls of enchant armour {unknown}
 q - 2 scrolls of recharging {unknown}
 y - a scroll of amnesia {unknown}
Potions
 h - a potion of berserk rage {unknown}
 n - 2 potions of curing {unknown}
 o - 3 potions of brilliance {unknown}
 s - a potion of heal wounds {unknown}
 t - a potion of haste {unknown}
 v - a potion of cure mutation {unknown}
 x - 2 potions of lignification {unknown}
Comestibles
 c - a bread ration
 i - 4 fruits
 m - a meat ration


   Skills:
 + Level 4.1 Fighting
 * Level 5.3 Axes
 + Level 1.2 Throwing
 + Level 3.2 Armour
 + Level 2.2 Dodging
 * Level 2.1 Shields


You had 4 spell levels left.
You didn't know any spells.

Dungeon Overview and Level Annotations

Branches:
Dungeon (3/15)

Altars:
Elyvilon
The Shining One


Message History

You kill the goblin!
Trog accepts your kill.
You feel yourself speed up.
You feel sick.
No target in view!
You feel sick.
You feel sick.
You see here a bat corpse.
You feel sick.
You hit the orc wizard but do no damage.
You feel sick. The orc wizard barely misses you.
You closely miss the orc wizard.
The orc wizard points at you and mumbles some strange words.
The magic dart hits you!
* * * LOW HITPOINT WARNING * * *
You barely miss the orc wizard.
* * * LOW HITPOINT WARNING * * *
You feel sick. The orc wizard barely misses you.
The orc wizard hits you with a dagger of venom.
You die...

#.#...#.#.###
#.#.#.......# ######
..#.#...#.#.#.......
.....[....<..........
#####.#......###......
...#.#####.........
### #.. #...........
##..#.#o#.[.....
#....[@#.......
#....).†.......
#.####.##...... #.
#.).# #...?. o #.#..
..... ...#... .....
... ####. .. #... .. .
##. ..


You could see an orc wizard.

Vanquished Creatures
  Crazy Yiuf (D:2)
  Natasha (thrice) (D:2)
  An adder (D:2)
  An ooze (D:2)
  3 worms
  3 dart slugs
  2 giant geckos
  3 orcs (D:3)
  2 giant cockroaches
  7 goblins
  5 hobgoblins
  A kobold (D:1)
  6 bats
  3 giant newts
  3 rats
44 creatures vanquished.

Vanquished Creatures (others)
  A quokka (D:2)
1 creature vanquished.

Grand Total: 45 creatures vanquished

Notes
Turn   | Place    | Note
--------------------------------------------------------------
     0 | D:1      | nikopol the Hill Orc Berserker began the quest for the Orb.
     0 | D:1      | Reached XP level 1. HP: 19/19 MP: 1/1
   238 | D:1      | Reached XP level 2. HP: 26/27 MP: 2/2
   864 | D:1      | Reached XP level 3. HP: 8/33 MP: 3/3
  1780 | D:2      | Noticed Natasha
  1796 | D:2      | Killed Natasha
  1796 | D:2      | Reached ** piety under Trog
  1796 | D:2      | Reached skill level 5 in Axes
  1796 | D:2      | Reached skill level 1 in Shields
  1796 | D:2      | Reached XP level 4. HP: 12/40 MP: 4/4
  2060 | D:2      | Found a glowing golden altar of the Shining One.
  2100 | D:2      | Reached skill level 1 in Throwing
  2239 | D:2      | Found a white marble altar of Elyvilon.
  2318 | D:2      | Noticed Natasha
  2327 | D:2      | Killed Natasha
  2336 | D:2      | Noticed Crazy Yiuf
  2347 | D:2      | Killed Crazy Yiuf
  2347 | D:2      | Reached XP level 5. HP: 39/46 MP: 5/5
  2398 | D:2      | Noticed Natasha
  2415 | D:2      | Killed Natasha
  2844 | D:3      | Slain by an orc wizard

Skill      XL: |  1  2  3  4  5 |
---------------+----------------+-----
Fighting       | 4 |  4.1
Axes           | 5 |  5.3
Shields        | 1 2 |  2.1
Throwing       | 1 |  1.2
Armour         | 3 |  3.2
Dodging        | 2 |  2.2

Action                   |  1- 3 |  4- 6 || total
-------------------------+-------+-------++-------
Melee: Hand axe          |   108 |    92 ||   200
Throw: Tomahawk          |       |     1 ||     1
Invok: Berserk           |     1 |     1 ||     2
 Stab: Sleeping          |     1 |       ||     1
  Eat: Chunk             |     4 |     3 ||     7
Armor: Animal skin       |     2 |       ||     2
       Leather armour    |    22 |    28 ||    50
Dodge: Dodged            |    66 |    51 ||   117
Block: Buckler           |    15 |    19 ||    34
